 Seeded DCSS version 0.29.1-15-g9cfb28693d (webtiles) character file.

Game seed: 16245865983455551772 (custom seed)

11633 Atreus the Unseen (level 11, -2/105 HPs)
             Began as an Octopode Brigand on Mar 8, 2023.
             Was the Champion of Jiyva.
             Slain by a bone dragon (5 damage)
             ... on level 2 of the Abyss on Mar 9, 2023.
             The game lasted 00:20:33 (8435 turns).

Atreus the Unseen (Octopode Brigand)                Turns: 8435, Time: 00:20:33

Health: -2/105     AC: 29    Str:  7    XL:     11   Next: 80%
Magic:  20/20      EV:  2    Int: 14    God:    Jiyva [******]
Gold:   375        SH:  0    Dex: 21    Spells: 10/10 levels left

rFire   . . .      SeeInvis +   f - +12 rapier "Hellblazer" {venom, MP+9 Dex-2 SInv Stlth+}
rCold   . . .      Faith    .   (no shield)
rNeg    . . .      Spirit   .   (helmet currently unavailable)
rPois   +          Reflect  .   n - amulet of regeneration
rElec   +          Harm     .   d - ring "Meomaost" {Will+ AC+4 Slay+3}
rCorr   +          Rampage  .   e - ring of Fudism {Fly rElec rPois Str-3 Dex+5}
Will    +....      NoTele   +   (no ring)
Stlth   +++++++++.              (no ring)
HPRegen 2.67/turn               (no ring)
MPRegen 0.67/turn               (no ring)
                                (no ring)
                                (no ring)

@: tree-form
A: stationary, stasis, torment immunity, boosted hp, almost no armour,
(amphibious), 8 rings, (camouflage 1), (gelatinous body 1), (nimble swimmer 1),
(tentacles), passive freeze, (poison resistance), robust 1, (eyeballs 2),
evolution 2, (jelly sensing items), (jelly absorbing missiles)
a: Renounce Religion, Oozemancy, Slimify


You were on level 2 of the Abyss.
You worshipped Jiyva.
Jiyva was exalted by your worship.
You were a tree.
You visited 1 branch of the dungeon, and saw 11 of its levels.
You visited the Abyss 1 time.

You collected 375 gold pieces.

Inventory:

Hand Weapons
 a - a +2 dagger
 f - the +12 rapier "Hellblazer" (weapon) {venom, MP+9 Dex-2 SInv Stlth+}
   (You acquired it on level 1 of the Dungeon)

   It poisons the flesh of those it strikes.
   Dex:       It affects your dexterity (-2).
   MP:        It affects your magic capacity (+9).
   SInv:      It lets you see invisible.
   Stlth:     It makes you more stealthy.
Missiles
 b - 15 poisoned darts (quivered)
Armour
 y - a +2 hat (melded)
 z - a scarf of invisibility
Jewellery
 d - the ring "Meomaost" (left branch) {Will+ AC+4 Slay+3}
   (You acquired it on level 1 of the Dungeon)

   [ring of protection]

   AC:        It affects your AC (+4).
   Slay:      It affects your accuracy & damage with ranged weapons and melee
   (+3).
   Will:      It increases your willpower.
 e - the ring of Fudism (right branch) {Fly rElec rPois Str-3 Dex+5}
   (You acquired it on level 1 of the Dungeon)

   [ring of flight]

   Str:       It affects your strength (-3).
   Dex:       It affects your dexterity (+5).
   rElec:     It insulates you from electricity.
   rPois:     It protects you from poison.
   Fly:       It grants you flight.
 j - a ring of ice
 n - an amulet of regeneration (around neck)
 s - a ring of ice
Wands
 u - a wand of flame (53)
 w - a wand of charming (7)
Scrolls
 k - a scroll of enchant weapon {unknown}
 l - 2 scrolls of summoning {unknown}
 m - 4 scrolls of teleportation
 o - 2 scrolls of immolation {unknown}
 r - a scroll of silence {unknown}
 t - a scroll of butterflies {unknown}
 x - a scroll of poison {unknown}
 B - a scroll of enchant armour {unknown}
Potions
 c - 2 potions of degeneration
 g - a potion of might {unknown}
 h - 2 potions of flight {unknown}
 i - 3 potions of lignification
 p - 4 potions of brilliance
 q - a potion of berserk rage {unknown}
 v - 3 potions of attraction {unknown}
 D - a potion of heal wounds {unknown}
 E - a potion of cancellation {unknown}


   Skills:
 - Level 2.0 Fighting
 - Level 2.0 Short Blades
 - Level 2.0 Throwing
 * Level 11.3 Dodging
 - Level 20.5 Stealth


You had 10 spell levels left.
You didn't know any spells.
Your spell library contained the following spells:

 Spells                   Type           Power      Damage    Failure   Level
 Sting                    Tmut/Pois      0%         1d3       28%         1
 Poisonous Vapours        Pois/Air       0%         N/A       41%         2
 Olgreb's Toxic Radiance  Pois           0%         N/A       96%         4


Dungeon Overview and Level Annotations

Branches:
Dungeon (11/15)            Temple (0/1) D:5            Lair (0/5) D:8
    Orc: D:9-12

Altars:
Ashenzari
Cheibriados
Dithmenos
Hepliaklqana
Makhleb
Okawaru
Qazlal
Ru
Xom
Zin
Jiyva

Shops:
D:3 [   D:4 *:[   D:7 =


Innate Abilities, Weirdness & Mutations

You are a tree.
Your roots penetrate the ground, keeping you stationary.
You cannot be teleported.
You are immune to unholy pain and torment.
Your maximum health is greatly increased.
You cannot wear most types of armour.
((You are amphibious.))
You can wear up to eight rings at the same time.
((Your skin changes colour to match your surroundings (Stealth+).))
((Your rubbery body absorbs attacks. (AC +1, EV +1)))
((You are camouflaged when in or above water. (Stealth+)))
((You have tentacles for arms and can constrict up to eight enemies at once.))
A frigid envelope surrounds you and freezes all who hurt you.
((Your system is resistant to poisons. (rPois)))
You are robust. (+10% HP)
((Your body has grown many eyes which may confuse attackers. (Acc +5)))
You have great hidden genetic potential.
((You have a small jelly attached to you that senses nearby items.))
((You have a small jelly attached to you that may absorb projectiles.))


Message History

The bone dragon bites you! The bone dragon completely misses you.
The bone dragon tramples you!
* * * LOW HITPOINT WARNING * * *
You are shoved backwards!
The bone dragon attacks as you move away!
The bone dragon bites you!
* * * LOW HITPOINT WARNING * * *
The bone dragon resists.
The bone dragon is very cold.
The bone dragon is lightly damaged.
The bone dragon claws you.
* * * LOW HITPOINT WARNING * * *
The bone dragon completely misses you.
Okay, then.
Really quaff the potion of lignification?
You turn into a tree.
Your +2 hat melds into your body.
Your roots penetrate the ground.
The bone dragon bites you!
* * * LOW HITPOINT WARNING * * *
The bone dragon resists.
The bone dragon is very cold.
The bone dragon is lightly damaged.
The bone dragon claws you but does no damage.
The bone dragon resists.
The bone dragon is very cold.
The bone dragon is lightly damaged.
The bone dragon tramples you but does no damage.
The bone dragon resists.
The bone dragon is very cold.
The bone dragon is lightly damaged.
Unknown command.
Hit: f) +12 rapier "Hellblazer" {venom, MP+9 Dex-2 SInv Stlth+}
Press: ? - help, Dir - move target, f - bone dragon
Aim: a bone dragon (lightly damaged, about 11% to evade the +12 rapier "Hellblazer")
You puncture the bone dragon!
The bone dragon is lightly damaged.
The bone dragon bites you.
* * * LOW HITPOINT WARNING * * *
The bone dragon resists.
The bone dragon is very cold.
The bone dragon is lightly damaged.
The bone dragon claws you but does no damage.
The bone dragon resists.
The bone dragon is very cold.
The bone dragon is lightly damaged.
The bone dragon tramples you.
You die...

. .. .##. .. ...
#.#..### ..# # ..#
.......##... .
###..##..#..#....#
....#.....#.......#
...............#
#.....#....# #...#
#♣.## ##. # ##D_#
##...###.##..#
..#.....#.## ##
...........# ....#.
...#.# ...
##...#### ## #.###
#.


You could see a bone dragon.

Vanquished Creatures
  Fannar (D:10)
  A two-headed ogre (D:9)
  Amaemon (D:8)
  Maurice (D:8)
  Joseph (D:8)
  An orange demon (D:8)
  Psyche (D:8)
  A kobold demonologist (D:11)
  A troll (D:10)
  A hornet (D:8)
  A raiju (Abyss:2)
  Sigmund (D:5)
  A shadow (D:10)
  13 yaks
  4 wyverns
  A steam dragon (D:7)
  A water moccasin (D:6)
  2 ice beasts
  3 orc warriors
  3 black bears
  An ogre (D:4)
  3 centaurs
  3 kobold brigands (D:8)
  3 bullfrogs
  A necrophage (D:4)
  6 scorpions
  8 wights
  5 killer bees
  4 howler monkeys
  A lava snake (D:11)
  4 orc priests
  A gnoll bouda (D:7)
  2 hounds (D:5)
  An iron imp (D:4)
  Jessica (D:2)
  2 iguanas
  9 orc wizards
  Natasha (D:3)
  A hound skeleton (D:4)
  5 gnolls
  4 adders
  A white imp (D:5)
  A dart slug (D:5)
  26 orcs
  5 ball pythons
  3 bats
  2 endoplasms (D:1)
  A giant cockroach (D:4)
  4 goblins
  4 hobgoblins (D:3)
  3 quokkas
  3 frilled lizards
  14 kobolds
  7 rats
180 creatures vanquished.

Vanquished Creatures (collateral kills)
  A tentacled starspawn (Abyss:2)
  A freezing wraith (Abyss:2)
  3 wights
5 creatures vanquished.

Vanquished Creatures (others)
  A yak (D:10)
  A phantom (D:6)
  A centaur (D:5)
  2 kobold brigands
  A bullfrog (D:6)
  A necrophage (D:7)
  20 jellies
  2 hounds
  An iguana (D:7)
  Natasha (twice) (D:3)
  3 gnolls
  An adder (D:6)
  3 orcs
  3 endoplasms
  A goblin (D:1)
  4 hobgoblins
  A quokka (D:1)
  A ball python (D:3)
  17 kobolds
  29 fungi (D:8)
  32 plants
  3 starspawn tentacles (Abyss:2)
130 creatures vanquished.

Grand Total: 315 creatures vanquished

Notes
Turn   | Place    | Note
-------+----------+-------------------------------------------
     0 | D:1      | Atreus the Octopode Brigand began the quest for the Orb.
     0 | D:1      | Reached XP level 1. HP: 14/14 MP: 1/1
    49 | D:1      | Identified 3 scrolls of acquirement
    49 | D:1      | Acquired the ring of Fudism {Fly rElec rPois Str-3 Dex+5}
    51 | D:1      | Acquired the +12 rapier "Hellblazer" {venom, MP+9 Dex-2
                  | SInv Stlth+}
    53 | D:1      | Acquired the ring "Meomaost" {Will+ AC+4 Slay+3}
   196 | D:1      | Found a faded altar of an unknown god.
   223 | D:1      | Prayed at the altar of an unknown god.
   223 | D:1      | Became a worshipper of Jiyva Jaik the Shapeless
   223 | D:1      | Reached * piety under Jiyva
   290 | D:1      | Reached skill level 6 in Stealth
   290 | D:1      | Reached XP level 2. HP: 19/19 MP: 2/2
   626 | D:1      | Reached ** piety under Jiyva
  1210 | D:2      | Noticed Jessica
  1215 | D:2      | Killed Jessica
  1216 | D:2      | Reached skill level 7 in Stealth
  1216 | D:2      | Reached XP level 3. HP: 24/24 MP: 3/3
  1252 | D:2      | Reached *** piety under Jiyva
  1770 | D:3      | Found Ymmy Ciutu's Antique Armour Shoppe.
  1786 | D:3      | Reached XP level 4. HP: 29/29 MP: 4/4
  1788 | D:3      | Reached skill level 8 in Stealth
  1862 | D:3      | Reached XP level 5. HP: 34/34 MP: 5/5
  1864 | D:3      | Reached skill level 9 in Stealth
  1870 | D:3      | Gained mutation: You are robust. (+10% HP) [Jiyva's grace]
  1870 | D:3      | Gained mutation: You are very robust. (+20% HP) [Jiyva's
                  | grace]
  1870 | D:3      | Gained mutation: You are extremely robust. (+30% HP)
                  | [Jiyva's grace]
  1870 | D:3      | Gained mutation: Your system is resistant to poisons.
                  | (rPois) [Jiyva's grace]
  1895 | D:3      | Reached **** piety under Jiyva
  2068 | D:3      | Noticed Natasha
  2079 | D:3      | Killed Natasha
  2189 | D:3      | Killed Natasha
  2222 | D:3      | Killed Natasha
  2405 | D:4      | Found a shadowy altar of Dithmenos.
  2452 | D:4      | Found Tuuwolaw's General Store.
  2461 | D:4      | Reached skill level 10 in Stealth
  2461 | D:4      | Reached XP level 6. HP: 50/50 MP: 6/6
  2489 | D:4      | Found Gamycsypi's Antique Armour Boutique.
  2567 | D:4      | Found Koenoidu's Book Boutique.
  2599 | D:4      | Found a snail-covered altar of Cheibriados.
  2654 | D:4      | Reached skill level 11 in Stealth
  2768 | D:4      | Found a burning altar of Makhleb.
  2777 | D:4      | Reached XP level 7. HP: 58/58 MP: 7/7
  3039 | D:5      | Entered Level 5 of the Dungeon
  3045 | D:5      | Noticed Sigmund
  3052 | D:5      | Killed Sigmund
  3053 | D:5      | Reached skill level 12 in Stealth
  3082 | D:5      | Reached ***** piety under Jiyva
  3112 | D:5      | Found a glowing silver altar of Zin.
  3425 | D:5      | Reached skill level 13 in Stealth
  3425 | D:5      | Reached XP level 8. HP: 65/65 MP: 8/8
  3745 | D:5      | Lost mutation: You are extremely robust. (+30% HP) [Jiyva's
                  | grace]
  3745 | D:5      | Gained mutation: Your body has grown eyes which may confuse
                  | attackers. (Acc +3) [Jiyva's grace]
  3745 | D:5      | Gained mutation: Your body has grown many eyes which may
                  | confuse attackers. (Acc +5) [Jiyva's grace]
  3745 | D:5      | Gained mutation: Your body is covered in eyes which may
                  | confuse attackers. (Acc +7, SInv) [Jiyva's grace]
  3745 | D:5      | Gained mutation: You have a small jelly attached to you
                  | that may absorb projectiles. [Jiyva's grace]
  3750 | D:5      | Found a staircase to the Ecumenical Temple.
  4509 | D:6      | Reached skill level 14 in Stealth
  5407 | D:7      | Found Dackej's Jewellery Shoppe.
  5452 | D:7      | Reached skill level 15 in Stealth
  5511 | D:7      | Found a hazy altar of Hepliaklqana.
  5560 | D:7      | Reached skill level 16 in Stealth
  5561 | D:7      | Reached XP level 9. HP: 39/62 MP: 9/9
  5676 | D:7      | Reached skill level 17 in Stealth
  5732 | D:7      | Reached ****** piety under Jiyva
  5969 | D:8      | Noticed a hornet
  5978 | D:8      | Killed a hornet
  6055 | D:8      | Reached skill level 18 in Stealth
  6140 | D:8      | Noticed Amaemon
  6147 | D:8      | Noticed Maurice
  6155 | D:8      | Killed Maurice
  6156 | D:8      | Reached skill level 19 in Stealth
  6156 | D:8      | Reached XP level 10. HP: 72/72 MP: 10/10
  6157 | D:8      | Noticed an orange demon
  6171 | D:8      | Killed an orange demon
  6178 | D:8      | Killed Amaemon
  6179 | D:8      | Reached skill level 20 in Stealth
  6290 | D:8      | Found a staircase to the Lair.
  6439 | D:8      | Lost mutation: You are very robust. (+20% HP) [Jiyva's
                  | grace]
  6439 | D:8      | Lost mutation: Your body is covered in eyes which may
                  | confuse attackers. (Acc +7, SInv) [Jiyva's grace]
  6439 | D:8      | Gained mutation: Your mind is acute. (Int +4, Str/Dex -1)
                  | [Jiyva's grace]
  6439 | D:8      | Gained mutation: Your mind is very acute. (Int +8, Str/Dex
                  | -2) [Jiyva's grace]
  6439 | D:8      | Gained mutation: You have very sharp teeth. [Jiyva's grace]
  6439 | D:8      | Gained mutation: You have extremely sharp teeth. [Jiyva's
                  | grace]
  6456 | D:8      | Noticed Joseph
  6459 | D:8      | Noticed Psyche
  6469 | D:8      | Killed Psyche
  6491 | D:8      | Killed Joseph
  6503 | D:8      | Reached skill level 5 in Dodging
  6713 | D:8      | Found a stormy altar of Qazlal.
  6929 | D:9      | Found a sacrificial altar of Ru.
  7024 | D:9      | Found a shimmering altar of Xom.
  7134 | D:9      | Noticed a two-headed ogre
  7146 | D:9      | Killed a two-headed ogre
  7147 | D:9      | Reached XP level 11. HP: 70/70 MP: 11/11
  7355 | D:9      | Found an iron altar of Okawaru.
  7355 | D:9      | Found a broken altar of Ashenzari.
  7435 | D:10     | Entered Level 10 of the Dungeon
  7552 | D:10     | Noticed Fannar
  7558 | D:10     | Killed Fannar
  7725 | D:10     | Lost mutation: You have extremely sharp teeth. [Jiyva's
                  | grace]
  7725 | D:10     | Lost mutation: You have very sharp teeth. [Jiyva's grace]
  7725 | D:10     | Lost mutation: Your mind is very acute. (Int +8, Str/Dex
                  | -2) [Jiyva's grace]
  7725 | D:10     | Lost mutation: Your mind is acute. (Int +4, Str/Dex -1)
                  | [Jiyva's grace]
  7725 | D:10     | Gained mutation: A frigid envelope surrounds you and
                  | freezes all who hurt you. [Jiyva's grace]
  7725 | D:10     | Gained mutation: You have hidden genetic potential.
                  | [Jiyva's grace]
  7725 | D:10     | Gained mutation: You have great hidden genetic potential.
                  | [Jiyva's grace]
  7725 | D:10     | Gained mutation: You have a small jelly attached to you
                  | that senses nearby items. [Jiyva's grace]
  7929 | D:10     | Reached skill level 10 in Dodging
  8223 | D:11     | Noticed a hell knight
  8231 | Abyss:2  | Cast into level 2 of the Abyss (hell knight)
  8299 | Abyss:2  | Noticed a large abomination
  8320 | Abyss:2  | Noticed a tentacled starspawn
  8346 | Abyss:2  | Noticed a tentacled starspawn
  8361 | Abyss:2  | Killed a tentacled starspawn
  8403 | Abyss:2  | Noticed a bone dragon
  8422 | Abyss:2  | Noticed a large abomination
  8428 | Abyss:2  | Found a basalt altar of Yredelemnul.
  8434 | Abyss:2  | HP: 4/105 [bone dragon (14)]
  8435 | Abyss:2  | Slain by a bone dragon

Illustrated notes

Levels and vault maps discovered:
D:1:      minmay_arrival_hallway, layout_loops_corners, basic_ecumenical_altar,
          minmay_unequal
D:2:      layout_loops_ring, uniq_jessica
D:3:      layout_basic, serial_shops, nicolae_shop_advertising_works
          [nicolae_subvault_shop_adworks], minmay_shallow_snake_nest,
          uniq_natasha
D:4:      layout_rooms, grunt_dithmenos_smoke_and_mirrors,
          makhleb_blood_cavern_becter, slow_altar_1, serial_shops,
          nicolae_square_shop, nicolae_shop_temple_entry_statues_fountains,
          kennysheep_mini_moat, chequers_serial_rivers_large_a,
          minmay_fractal_squares_gapless_5
D:5:      layout_layer_cave, mainiacjoe_overflow_cross_hatched,
          lemuel_temple_firewalk_b, uniq_sigmund
D:6:      layout_basic
D:7:      layout_basic, nicolae_hepliaklqana_hazy_memory, serial_shops,
          nicolae_stop_n_shop_2
D:8:      layout_basic, nicolae_qazlal_style_of_elements,
          grunt_lair_entry_orc_guard_hut, uniq_amaemon, uniq_psyche,
          uniq_joseph, uniq_maurice
D:9:      layout_roguey, nicolae_overflow_crystal_walls,
          gammafunk_temple_overflow_claw
D:10:     layout_loops_ring, uniq_fannar
D:11:     layout_long_grid, grunt_livestock, kennysheep_island_fort
Abyss:2:  base:
D:4

Skill      XL: |  1  2  3  4  5  6  7  8  9 10 11 |
---------------+----------------------------------+-----
Stealth        | 6 7 8 10 11 13 16 19 20 | 20.5
Dodging        | 8 11 | 11.3
Fighting       | |  2.0
Short Blades   | |  2.0
Throwing       | |  2.0

Action                   |  1- 3 |  4- 6 |  7- 9 | 10-12 || total
-------------------------+-------+-------+-------+-------++-------
Melee: Rapier            |    27 |    41 |    94 |   156 ||   318
       Constrict         |     4 |     5 |    21 |    29 ||    59
       Tentacles         |     2 |     7 |    22 |    39 ||    70
       Dagger            |     1 |       |       |       ||     1
       Punch             |       |     1 |     2 |     2 ||     5
       Bite              |       |       |       |    10 ||    10
Throw: Dart              |     1 |     1 |     2 |     7 ||    11
Invok: Slimify           |       |       |       |     1 ||     1
  Use: Scroll            |     3 |       |     1 |     6 ||    10
       Potion            |       |       |       |     3 ||     3
 Stab: Sleeping          |    11 |    13 |    13 |    11 ||    48
       Confused          |       |       |     3 |     4 ||     7
       Distracted        |       |       |       |     3 ||     3
Armor: Skin              |     5 |     5 |    33 |    45 ||    88
Dodge: Dodged            |    18 |    18 |    83 |   192 ||   311
